 Dungeon Crawl Stone Soup version 0.22.1-6-g1668fe2c40 (webtiles) character file.

954 Gargoyl the Bolt Thrower (level 7, -5/59 HPs)
             Began as a Centaur Abyssal Knight on Jan 19, 2019.
             Was a Believer of Lugonu.
             Slain by an ogre
             ... wielding a cursed -1 giant club
              (12 damage)
             ... on level 4 of the Dungeon.
             The game lasted 00:07:43 (4131 turns).

Gargoyl the Bolt Thrower (Centaur Abyssal Knight)   Turns: 4131, Time: 00:07:44

Health: -5/59      AC:  9    Str: 15    XL:     7   Next: 91%
Magic:  10/10      EV:  5    Int: 11    God:    Lugonu [**....]
Gold:   123        SH:  0    Dex: 10    Spells: 6/6 levels left

rFire    . . .     SeeInvis +   e - +1 arbalest (flame)
rCold    . . .     Gourm    .   (shield currently unavailable)
rNeg     . . .     Faith    .   w - +0 chain mail
rPois    .         Spirit   .   q - +0 helmet
rElec    .         Reflect  .   (no cloak)
rCorr    .         Harm     .   (no gloves)
MR       .....                  (no barding)
Stlth    ..........             (no amulet)
HPRegen  0.19/turn              m - ring of see invisible (curse)
MPRegen  0.12/turn              (no ring)

@: very quick
A: large, hooves 3, deformed body, speed 2, tough skin 3
a: Depart the Abyss, Bend Space, Renounce Religion


You were on level 4 of the Dungeon.
You worshipped Lugonu.
Lugonu was pleased with you.
You were very hungry.

You visited 1 branch of the dungeon, and saw 4 of its levels.
You visited the Abyss 1 time.

You collected 123 gold pieces.

Inventory:

Hand Weapons
 a - a +1 hand axe
 e - a +1 arbalest of flaming (weapon)
 f - a +2 war axe of chopping
Missiles
 v - 26 bolts (quivered)
Armour
 q - a +0 helmet (worn)
 w - a +0 chain mail (worn)
Jewellery
 m - a cursed ring of see invisible (left hand)
Wands
 h - a wand of flame (24)
Scrolls
 b - a scroll of remove curse
 i - 3 scrolls of identify
 l - a scroll of fog
 t - a scroll of enchant weapon {unknown}
Potions
 d - 2 potions of haste
 g - a potion of invisibility
 j - a potion of curing
 n - a potion of flight {unknown}
 o - a potion of brilliance {unknown}
 p - a potion of mutation {unknown}
 r - a potion of might {unknown}
Comestibles
 c - 8 rations


   Skills:
 + Level 4.2 Fighting
 + Level 3.4 Axes
 + Level 4.4 Crossbows
 + Level 0.1 Throwing
 * Level 3.5 Armour
 * Level 2.5 Dodging
 * Level 4.2 Invocations


You had 6 spell levels left.
You didn't know any spells.
Your spell library was empty.

Dungeon Overview and Level Annotations

Branches:
Dungeon (4/15)
 Temple: D:4-7

Altars:
Ashenzari
Fedhas
Okawaru
Qazlal


Innate Abilities, Weirdness & Mutations

You have hooves in place of feet.
Armour fits poorly on your strangely shaped body.
You cover ground very quickly.
You have extremely tough skin. (AC +3)


Message History

The bolt hits the frilled lizard!!
The bolt burns the frilled lizard.
You kill the frilled lizard!
Lugonu accepts your kill. The ogre hits you with a giant club!!
* * * LOW HITPOINT WARNING * * *
Unknown command.
There is a stone staircase leading up here.
You start resting.
The ogre is too close now for your liking.
Firing (i - inventory)
v - 28 bolts (quivered)
Press: ? - help, Shift-Dir - straight line, f/p - ogre
Aim: an ogre, wielding a giant club (severely wounded)
You shoot a bolt. The bolt barely misses the ogre.
Firing (i - inventory)
v - 27 bolts (quivered)
Press: ? - help, Shift-Dir - straight line, f/p - ogre
Aim: an ogre, wielding a giant club (severely wounded)
You shoot a bolt. The bolt hits the ogre.
The bolt burns the ogre.
The ogre is almost dead.
The ogre hits you with a giant club!
You die...

########.#
##.## ##.##
#.# #.#
##...## #.#
###O###
##.....###.#
#......
#......(...#
#.#.###
##.....#####
#.#.#
##..(##
#.#.# ##O##
#.#.# #@#
#(#.# #.#
#.#.# #.#
#.#.# #.#
#.#.# #.#
#...##. #.#
#...... #.#
##.#... #.#
.#... #.# .#
#?


You could see an ogre.

Vanquished Creatures
  Pikel (D:4)
  Sigmund (D:3)
  An orc priest (D:3)
  A hound (D:4)
  Terence (D:3)
  2 orc wizards (D:4)
  Ijyb (D:3)
  3 gnolls (D:3)
  5 adders
  An ooze (D:1)
  A worm (D:3)
  A dart slug (D:1)
  2 leopard geckos
  8 orcs
  5 giant cockroaches
  9 hobgoblins
  10 jackals
  5 bats
  8 frilled lizards
  7 goblins
  5 kobolds
  14 rats
92 creatures vanquished.

Vanquished Creatures (others)
  An orc priest (D:4)
  3 orc wizards (D:4)
  A worker ant (D:4)
  An orc (D:4)
  A quokka (D:4)
  A frilled lizard (D:4)
8 creatures vanquished.

Grand Total: 100 creatures vanquished

Notes
Turn   | Place    | Note
-------+----------+-------------------------------------------
     0 | Abyss:1  | Gargoyl the Centaur Abyssal Knight began the quest for the
                  | Orb.
     0 | Abyss:1  | Reached XP level 1. HP: 19/19 MP: 2/2
   102 | Abyss:1  | Noticed a tentacled starspawn
   122 | Abyss:1  | Noticed a ynoxinul
   124 | D:1      | Escaped the Abyss
   438 | D:1      | Reached XP level 2. HP: 21/26 MP: 3/3
   558 | D:1      | Reached * piety under Lugonu
   602 | D:1      | Reached skill level 1 in Dodging
   752 | D:1      | Reached XP level 3. HP: 31/31 MP: 4/4
  1479 | D:2      | Reached skill level 1 in Crossbows
  1892 | D:3      | Reached XP level 4. HP: 25/38 MP: 5/5
  2092 | D:3      | Noticed Sigmund
  2121 | D:3      | Killed Sigmund
  2121 | D:3      | Reached XP level 5. HP: 16/46 MP: 5/7
  2617 | D:3      | Reached ** piety under Lugonu
  2617 | D:3      | Reached XP level 6. HP: 51/52 MP: 8/8
  2838 | D:3      | Found a shattered altar of Ashenzari.
  2841 | D:3      | Found a blossoming altar of Fedhas.
  2862 | D:3      | Found an iron altar of Okawaru.
  2883 | D:3      | Found a stormy altar of Qazlal.
  2951 | D:3      | Noticed Ijyb
  2980 | D:3      | Killed Ijyb
  3540 | D:3      | Noticed Terence
  3544 | D:3      | Killed Terence
  3723 | D:4      | Noticed a slave
  3723 | D:4      | Noticed a slave
  3723 | D:4      | Noticed a slave
  3741 | D:4      | Noticed Pikel
  3760 | D:4      | Noticed a slave
  3782 | D:4      | Killed Pikel
  3782 | D:4      | Reached XP level 7. HP: 11/59 MP: 8/10
  4086 | D:4      | HP: 1/59 [ogre/giant club (18)]
  4131 | D:4      | Slain by an ogre

Skill      XL: |  1  2  3  4  5  6 |
---------------+-------------------+-----
Axes           | 2 3 |  3.4
Dodging        | 1 2 |  2.5
Crossbows      | 1 3 4 |  4.4
Armour         | 2 3 |  3.5
Invocations    | 3 4 |  4.2
Fighting       | 4 |  4.2
Throwing       | |  0.1

Action                   |  1- 3 |  4- 6 |  7- 9 || total
-------------------------+-------+-------+-------++-------
Melee: War axe           |    22 |    87 |     8 ||   117
       Kick              |     2 |    16 |     1 ||    19
 Fire: Arbalest          |    93 |    54 |     3 ||   150
Invok: Depart the Abyss  |     1 |       |       ||     1
  Use: Scroll            |     6 |     3 |       ||     9
       Potion            |     1 |     1 |       ||     2
  Eat: Chunk             |     1 |     6 |       ||     7
Armor: Leather armour    |    37 |    14 |       ||    51
       Chain mail        |       |    24 |     3 ||    27
       Scale mail        |       |    20 |       ||    20
Dodge: Dodged            |    35 |    52 |     2 ||    89
